 Dungeon Crawl Stone Soup version 0.17.1-3-g152610e (webtiles) character file.

200 Gargoyl the Skirmisher (level 5, -1/42 HPs)
             Began as a Demonspawn Abyssal Knight on Mar 9, 2016.
             Was a Believer of Lugonu.
             Slain by a scorpion (6 damage)
             ... on level 4 of the Dungeon.
             The game lasted 00:05:53 (3207 turns).

Gargoyl the Skirmisher (Demonspawn Abyssal Knight)  Turns: 3207, Time: 00:05:53

Health: -1/42      AC:  9    Str: 13    XL:     5   Next: 48%
Magic:  7/7        EV:  9    Int: 14    God:    Lugonu [**....]
Gold:   149        SH:  0    Dex: 12    Spells: 0 memorised, 4 levels left

rFire  . . .     SeeInvis .     a - +1 hand axe
rCold  . . .     Clarity  .     c - +0 scale mail
rNeg   . . .     SustAt   .     (no shield)
rPois  .         Gourm    .     (no helmet)
rElec  .         Spirit   .     o - +0 cloak
rCorr  .         Warding  .     (no gloves)
rMut   .         Stasis   .     j - +0 pair of boots
MR     .....                    (no amulet)
Stlth  ..........               (no ring)
                                (no ring)

@: lethally poisoned (-1 -> -12), not resistant to hostile enchantments,
extremely unstealthy
A: rot immunity
a: Depart the Abyss, Bend Space, Renounce Religion


You were on level 4 of the Dungeon.
You worshipped Lugonu.
Lugonu was pleased with you.
You were not hungry.

You visited 1 branch of the dungeon, and saw 4 of its levels.
You visited the Abyss 1 time.

You collected 149 gold pieces.

Inventory:

Hand Weapons
 a - a +1 hand axe (weapon)
 n - a +0 flail
Armour
 c - a +0 scale mail (worn)
 j - a +0 pair of boots (worn)
 o - a +0 cloak (worn)
Wands
 p - a wand of hasting (3)
 v - a wand of paralysis (2)
Scrolls
 i - 2 scrolls of remove curse
 m - a scroll of immolation {unknown}
 s - a scroll of noise {unknown}
 u - a scroll of random uselessness {unknown}
Potions
 e - a potion of curing {unknown}
 g - a potion of mutation {unknown}
 l - a potion of cure mutation {unknown}
Comestibles
 b - a bread ration
 d - a slice of pizza
 f - 2 meat rations
 h - 2 chunks of flesh
 t - 4 fruits


   Skills:
 + Level 4.0 Fighting
 + Level 3.0 Axes
 + Level 2.9 Armour
 + Level 2.1 Dodging
 + Level 3.0 Invocations


You had 4 spell levels left.
You didn't know any spells.

Dungeon Overview and Level Annotations

Branches:
Dungeon (4/15)
 Temple: D:4-7

Altars:
Fedhas
The Shining One


Innate Abilities, Weirdness & Mutations

You are immune to rotting.


Message History

The scorpion stings you but does no damage.
You hit the scorpion but do no damage.
The scorpion is heavily wounded.
The scorpion barely misses you.
You hit the scorpion.
The scorpion is severely wounded.
You feel sick. The scorpion stings you.
* * * LOW HITPOINT WARNING * * *
You are lethally poisoned!
The scorpion poisons you!
You barely miss the scorpion.
The scorpion is severely wounded.
* * * LOW HITPOINT WARNING * * *
You feel sick. The scorpion stings you.
* * * LOW HITPOINT WARNING * * *
You barely miss the scorpion.
The scorpion is severely wounded.
* * * LOW HITPOINT WARNING * * *
You feel sick. The scorpion stings you.
You die...

####### ....... .......
s...... ....... ####
####.......
####..######.@s......$
###............##.......
#...#....#..#### .......
##.###......## .......
...###....### .....>.
............. ......#
######....#### ###..##
..# #....# .##
.........##


You could see a scorpion.

Vanquished Creatures
  A scorpion (D:4)
  2 hounds
  A worker ant (D:4)
  2 adders
  A worm (D:2)
  3 orcs
  2 ball pythons
  5 giant cockroaches
  5 hobgoblins
  A quokka (D:4)
  6 bats
  2 giant newts (D:2)
  5 goblins
  6 kobolds
  5 rats
47 creatures vanquished.

Notes
Turn   | Place    | Note
--------------------------------------------------------------
     0 | Abyss:1  | Gargoyl the Demonspawn Abyssal Knight began the quest for the Orb.
     0 | Abyss:1  | Reached XP level 1. HP: 18/18 MP: 2/2
    44 | Abyss:1  | Noticed a rust devil
    48 | Abyss:1  | Noticed a wretched star
    50 | D:1      | Escaped the Abyss
    52 | D:1      | Found a glowing golden altar of the Shining One.
    61 | D:1      | Reached * piety under Lugonu
   405 | D:1      | Gained mutation: You are immune to rotting. [demonic ancestry]
   405 | D:1      | Reached XP level 2. HP: 24/24 MP: 3/3
   929 | D:2      | Found a blossoming altar of Fedhas.
  1034 | D:2      | Reached XP level 3. HP: 27/29 MP: 3/5
  1409 | D:2      | Reached skill level 1 in Dodging
  1643 | D:3      | Reached ** piety under Lugonu
  2470 | D:3      | Reached XP level 4. HP: 28/37 MP: 6/6
  2842 | D:4      | Reached XP level 5. HP: 40/42 MP: 7/7
  2873 | D:4      | Reached skill level 4 in Fighting
  3207 | D:4      | Slain by a scorpion

Action                   |  1- 3 |  4- 6 || total
-------------------------+-------+-------++-------
Melee: Hand axe          |   121 |    67 ||   188
Invok: Depart the Abyss  |     1 |       ||     1
Evoke: Wand              |       |     1 ||     1
  Use: Scroll            |     4 |       ||     4
       Potion            |       |     1 ||     1
 Stab: Paralysed         |       |     2 ||     2
  Eat: Chunk             |     3 |       ||     3
       Bread ration      |     1 |       ||     1
